 Dungeon Crawl Stone Soup version 0.19-a0-1401-g902f63d (webtiles) character file.

169 st0uf the Digger (level 5, -2/28 HPs)
             Began as a Gargoyle Earth Elementalist on Sept 4, 2016.
             Slain by Ishikai's ghost (8 damage)
             ... on level 3 of the Dungeon.
             The game lasted 00:16:24 (3319 turns).

st0uf the Digger (Gargoyle Earth Elementalist)      Turns: 3319, Time: 00:16:24

Health: -2/28      AC:  6    Str: 15    XL:     5   Next: 50%
Magic:  2/10       EV: 12    Int: 16    God:
Gold:   234        SH:  0    Dex: 10    Spells: 2 memorised, 7 levels left

rFire  . . .     SeeInvis .     b - 49 stones
rCold  . . .     Gourm    .     u - +0 robe {rN+}
rNeg   + + .     Faith    .     (no shield)
rPois  ∞         Spirit   .     (no helmet)
rElec  +         Dismiss  .     (no cloak)
rCorr  .         Reflect  .     (no gloves)
MR     .....     Harm     .     (no boots)
Stlth  ++........               (no amulet)
                                (no ring)
                                g - +3 ring of strength

@: very slightly contaminated
A: negative energy resistance 1, electricity resistance, unbreathing,
petrification resistance, rot immunity, AC +4
a: no special abilities


You were on level 3 of the Dungeon.
You were not hungry.

You visited 1 branch of the dungeon, and saw 3 of its levels.

You collected 234 gold pieces.

Inventory:

Hand Weapons
 j - a +0 mace
Missiles
 b - 49 stones (in hand)
Armour
 c - a +0 robe
 u - a +0 robe of positive energy (worn)
 x - a +0 buckler
Jewellery
 g - a +3 ring of strength (left hand)
Wands
 w - a wand of confusion (17/48)
Scrolls
 i - 2 scrolls of identify {unknown}
 k - a scroll of blinking {unknown}
 m - a scroll of immolation {unknown}
 o - 2 scrolls of enchant weapon {unknown}
 r - a scroll of magic mapping {unknown}
 s - 2 scrolls of teleportation {unknown}
 t - 4 scrolls of amnesia {unknown}
 y - a scroll of fear {unknown}
Potions
 a - 2 potions of beneficial mutation {unknown}
 h - 2 potions of flight {unknown}
 l - a potion of ambrosia {unknown}
 n - a potion of curing {unknown}
 p - 2 potions of lignification {unknown}
Books
 e - a book of Geomancy

   Spells                             Type                      Level
   a - Sandblast                      Earth                        1
   b - Passwall                       Transmutation/Earth          2
   c - Stone Arrow                    Conjuration/Earth            3
   d - Petrify                        Transmutation/Earth          4
   e - Lee's Rapid Deconstruction     Earth                        5
Comestibles
 d - 2 bread rations
 f - a chunk of flesh
 q - 3 fruits
 v - 2 beef jerkies


   Skills:
 - Level 1.5 Dodging
 - Level 2.1 Stealth
 * Level 3.8 Spellcasting
 + Level 1.9 Conjurations
   Level 0.7 Transmutations
 + Level 5.1 Earth Magic


You had 7 spell levels left.
You knew the following spells:

 Your Spells              Type           Power        Failure   Level  Hunger
a - Sandblast             Erth           ###...       1%          1    None
b - Stone Arrow           Conj/Erth      ##....       14%         3    ###....


Dungeon Overview and Level Annotations

Branches:
Dungeon (3/15)

Altars:
Elyvilon
Makhleb
Uskayaw
Xom

Annotations:
D:3 Ishikai's ghost, amateur DsGl


Innate Abilities, Weirdness & Mutations

You are resistant to torment.
Your stone body is resilient. (AC +4)
You are immune to poison.
You resist negative energy. (rN+)
You are resistant to electric shocks. (rElec)
You can survive without breathing.
You are immune to petrification.
You are immune to rotting.


Message History

Aim: Ishikai's ghost (moderately damaged)
The rocky blast misses Ishikai's ghost.
Ishikai's ghost hits you.
Casting: Sandblast
Confirm with . or Enter, or press ? or * to list all spells.
Aiming: Sandblast
Press: ? - help, Shift-Dir - straight line, f/p - Ishikai's ghost
Aim: Ishikai's ghost (moderately damaged)
The rocky blast hits Ishikai's ghost.
Ishikai's ghost is heavily damaged.
Ishikai's ghost hits you!
* * * LOW HITPOINT WARNING * * *
Casting: Sandblast
Confirm with . or Enter, or press ? or * to list all spells.
Aiming: Sandblast
Press: ? - help, Shift-Dir - straight line, f/p - Ishikai's ghost
Aim: Ishikai's ghost (heavily damaged)
The rocky blast hits Ishikai's ghost.
Ishikai's ghost is heavily damaged.
Ishikai's ghost hits you!
You die...

...............# #.# #####
#.....####.#### #.#
##...###..#####.#
##............##.#
##..####.####.....# ######
###...##.....##.(.### #.....
......#.......#...# #.#.##
####..#.......#.W.# #.#.#
##....._.....@.# #.#.#
#.#.......#.(.# #.#.#
#.#.......#...##########.#.##
##.##.....##.((..............#
#..####.####.(.##########.#..#
#...................# #.#..#
#.#...........#####.# #.....
#.#.......###.# #.# ###..#
#.##.#.#..# #.# #.# #..#


You could see Ishikai's ghost.

Vanquished Creatures
  A worker ant (D:2)
  5 adders
  2 worms
  2 dart slugs
  8 giant geckos
  3 ball pythons (D:1)
  9 bats
  4 giant cockroaches
  4 goblins
  9 hobgoblins
  8 jackals
  5 kobolds
  2 quokkas (D:2)
  A giant newt (D:3)
  17 rats
80 creatures vanquished.

Notes
Turn   | Place    | Note
-------+----------+-------------------------------------------
     0 | D:1      | st0uf the Gargoyle Earth Elementalist began the quest for the Orb.
     0 | D:1      | Reached XP level 1. HP: 10/10 MP: 3/3
   216 | D:1      | Reached skill level 4 in Earth Magic
   216 | D:1      | Reached XP level 2. HP: 5/15 MP: 0/5
   521 | D:1      | Reached XP level 3. HP: 18/19 MP: 2/7
   532 | D:1      | Learned a level 3 spell: Stone Arrow
  1037 | D:1      | Reached skill level 1 in Conjurations
  1513 | D:1      | Reached XP level 4. HP: 23/24 MP: 1/8
  2013 | D:2      | Found a hide-covered altar of Uskayaw.
  2326 | D:2      | Found a burning altar of Makhleb.
  2492 | D:3      | Found a white marble altar of Elyvilon.
  2675 | D:3      | Noticed an ice beast
  2701 | D:3      | Reached XP level 5. HP: 28/28 MP: 5/10
  2849 | D:3      | Found a shimmering altar of Xom.
  2895 | D:3      | Noticed Ishikai's ghost (amateur DsGl)
  2922 | D:2      | Reached skill level 5 in Earth Magic
  3319 | D:3      | Slain by Ishikai's ghost

Vault maps used:
D:1:      minmay_arrival_shattered_statue, minmay_rat_gold_closets
D:2:      kennysheep_big_flooded_room, bloody_makhleb,
          eat_drink_and_be_merry_uskayaw, first_bread
D:3:      old_standard_altar, xom_butterflies, marbit_many_paths, zin_academy

Skill      XL: |  1  2  3  4  5 |
---------------+----------------+-----
Earth Magic    | 4 5 |  5.1
Conjurations   | 1 |  1.9
Spellcasting   | 3 |  3.8
Dodging        | |  1.5
Stealth        | |  2.1
Transmutations | |  0.7

Action                   |  1- 3 |  4- 6 || total
-------------------------+-------+-------++-------
Melee: Unarmed           |     7 |       ||     7
       Mace              |    26 |    73 ||    99
 Cast: Sandblast         |    74 |    83 ||   157
  Eat: Chunk             |     2 |     6 ||     8
Armor: Robe              |    28 |    63 ||    91
Dodge: Dodged            |    53 |   122 ||   175
